 Dungeon Crawl Stone Soup version 0.29-a0-319-gad05b8d819 (webtiles) character file.

Game seed: 9523055934758222368

14 kae the Firebug (level 2, -2/16 HPs)
             Began as a Tengu Fire Elementalist on Apr 1, 2022.
             Killed from afar by Natasha (6 damage)
             ... with a magic dart
             ... on level 1 of the Dungeon.
             The game lasted 00:00:33 (952 turns).

kae the Firebug (Tengu Fire Elementalist)            Turns: 952, Time: 00:00:34

Health: -2/16      AC:  2    Str:  8    XL:     2   Next: 45%
Magic:  3/6        EV: 12    Int: 15    God:
Gold:   101        SH:  0    Dex: 14    Spells: 2/5 levels left

rFire   . . .      SeeInvis .   h - +2 short sword (speed)
rCold   . . .      Faith    .   (no shield)
rNeg    . . .      Spirit   .   a - +0 robe
rPois   .          Reflect  .   (helmet restricted)
rElec   .          Harm     .   (no cloak)
rCorr   .          Rampage  .   (no gloves)
Will    .....                   (boots unavailable)
Stlth   ++........              (no amulet)
HPRegen 0.05/turn               (no ring)
MPRegen 0.10/turn               (no ring)

@: slowed, very slow
A: beak, talons 3
a: no special abilities


You were on level 1 of the Dungeon.
You visited 1 branch of the dungeon, and saw 2 of its levels.

You collected 101 gold pieces.

Inventory:

Hand Weapons
 d - a +0 dagger
 h - a +2 short sword of speed (weapon)
Armour
 a - a +0 robe (worn)
Jewellery
 k - a ring of wizardry
Scrolls
 c - a scroll of enchant armour {unknown}
 g - a scroll of fog {unknown}
 j - a scroll of fear {unknown}
 l - a scroll of identify {unknown}
 m - a scroll of teleportation {unknown}
Potions
 b - a potion of magic
 e - a potion of invisibility {unknown}
 f - a potion of attraction {unknown}
 i - a potion of experience {unknown}


   Skills:
 + Level 0.3 Fighting
 + Level 0.5 Armour
 + Level 2.3 Dodging
 - Level 2.0 Stealth
 + Level 2.1 Spellcasting
 + Level 1.7 Conjurations
 * Level 3.5 Fire Magic


You had 2 spell levels left.
You knew the following spells:

 Your Spells              Type           Power      Damage    Failure   Level
a - Foxfire               Conj/Fire      36%        2x1d5     8%          1
b - Scorch                Fire           24%        2d6       8%          2

Your spell library contained the following spells:

 Spells                   Type           Power      Damage    Failure   Level
 Conjure Flame            Conj/Fire      9%         6-21      22%         3
 Inner Flame              Hex/Fire       6%         N/A       32%         3
 Flame Wave               Conj/Fire      9%         2d5       58%         4
 Airstrike                Air            0%         N/A       91%         4
 Summon Lightning Spire   Summ/Air       1%         N/A       91%         4
 Lightning Bolt           Conj/Air       2%         1d13      99%         5


Dungeon Overview and Level Annotations

Branches:
Dungeon (2/15)

Altars:

Shops:
D:1 (

Annotations:
D:1 Natasha
D:2 Sigmund


Innate Abilities, Weirdness & Mutations

You have a beak for a mouth.
You have claws for feet.


Message History

Found 7 gold pieces and 15 stones.
Found a stone staircase leading up.
There is a stone staircase leading up here.
There are monsters nearby!
Okay, then.
Sigmund smiles chillingly.
The bat barely misses you.
Natasha mumbles some strange words.
You climb upwards.
The crimson imp disappears in a puff of smoke!
There is a stone staircase leading down here.
Casting: Foxfire (safe; 8% risk of failure)
Confirm with . or Enter, or press ? or * to list all spells.
You conjure some foxfire!
Natasha closely misses you.
The foxfire hits Natasha.
Natasha is lightly wounded.
The foxfire hits Natasha.
Natasha is moderately wounded.
Natasha claws you.
Casting: Foxfire (safe; 8% risk of failure)
Confirm with . or Enter, or press ? or * to list all spells.
You conjure some foxfire!
Natasha barely misses you.
The foxfire hits Natasha.
Natasha is moderately wounded.
The foxfire hits Natasha.
Natasha is heavily wounded.
Natasha stares at you and mumbles some strange words.
You feel yourself slow down.
Casting: Foxfire (safe; 8% risk of failure)
Confirm with . or Enter, or press ? or * to list all spells.
You conjure some foxfire!
Natasha barely misses you.
The foxfire hits Natasha.
Natasha is severely wounded.
The foxfire hits Natasha.
Natasha is almost dead.
Natasha claws you!
Ouch! That really hurt!
* * * LOW HITPOINT WARNING * * *
Natasha casts a spell at you. The magic dart hits you.
You die...

#...####.###.............#
#...# #.###.[........####
#...# #..##..........#
#...# ##.##..........#
#...# #..#..........#
##...#####..#..........#
###
#.......###............#
..#
#.......###.ยง#######.###
..# #...........@.# #.#
..# #............h# #.#
..# #.............# #.#
..# #.........##)#### #.#
..# #.........#.....####.#
..# #.........#.....#..#.#
..# #######...#.....#..#.#
..# #...#.....#....# ..#
#########.##.###


You could see Natasha.

Vanquished Creatures
  A dart slug (D:1)
  An endoplasm (D:1)
  A giant cockroach (D:1)
  A hobgoblin (D:1)
  A kobold (D:1)
  A bat (D:1)
  A frilled lizard (D:1)
  3 goblins (D:1)
  2 rats (D:1)
12 creatures vanquished.

Vanquished Creatures (others)
  34 foxfires (D:1)
34 creatures vanquished.

Grand Total: 46 creatures vanquished

Notes
Turn   | Place    | Note
-------+----------+-------------------------------------------
     0 | D:1      | kae the Tengu Fire Elementalist began the quest for the
                  | Orb.
     0 | D:1      | Reached XP level 1. HP: 10/10 MP: 4/4
   293 | D:1      | Found a faded altar of an unknown god.
   339 | D:1      | Reached XP level 2. HP: 15/15 MP: 4/6
   559 | D:1      | Learned a level 2 spell: Scorch
   662 | D:1      | Found Anofo's Antique Weapon Shop.
   943 | D:2      | Noticed Sigmund
   943 | D:2      | Noticed Natasha
   946 | D:2      | Noticed a crimson imp
   952 | D:1      | Killed from afar by Natasha

Illustrated notes

Levels and vault maps discovered:
D:1:      dpeg_arrival_erosion, layout_basic, serial_shops, shop,
          hellmonk_ecumenical_altar_inner_sanctum
D:2:      layout_rooms, uniq_sigmund, uniq_natasha, uniq_jessica

Action                   || total
-------------------------++-------
Melee: Short sword       ||    10
       Kick              ||     6
       Unarmed           ||     1
       Peck              ||     1
 Cast: Foxfire           ||    20
 Stab: Sleeping          ||     1
Armor: Robe              ||     2
Dodge: Dodged            ||     7

Table legend: (Time is in decaauts)
 A = Elapsed time spent in this place.
 B = Non-inter-level travel time spent in this place.
 C = Inter-level travel time spent in this place.
 D = Time resting spent in this place.
 E = Time spent auto-exploring this place.
 F = Levels seen in this place.
 G = Mean time per level.
                   A        B        C        D        E       F      G
               +--------+--------+--------+--------+--------+-----+--------+
         Total |    949 |    927 |     22 |      0 |    820 |   2 |  474.5 |
       Dungeon |    949 |    927 |     22 |      0 |    820 |   2 |  474.5 |
               +--------+--------+--------+--------+--------+-----+--------+

Top non-repeatable levels by time:
     D:1: 946 daAuts
     D:2: 2 daAuts
